Map: Abyssal Reef LE

Players

Shadelife

  • Race: Terran Terran
  • League: Platinum
  • Spawn Location: 5:00

Vamplified - Winner!

  • Race: Zerg Zerg
  • League: Silver
  • Spawn Location: 11:00

VOD

Have the link to the VOD?

Description

Time

  • Played on: March 3, 2025, 8:42 p.m.
  • Length: 33:46
Show
View Real Time Build Order
Export as new Build Order

Shadelife Terran 

Build Orders: Mech 

Get SALT Encoding   

  12  0:00  SCV  
  13  0:17  Supply Depot  
  13  0:19  SCV  
  14  0:31  Refinery, SCV  
  15  0:43  Barracks  
  15  0:59  SCV  
  16  1:07  Refinery  
  16  1:11  SCV  
  17  1:23  SCV  
  18  1:32  Marine  
  19  1:35  SCV  
  20  1:50  Marine  
  21  1:54  Command Center  
  21  2:05  Orbital Command  
  21  2:08  Marine  
  22  2:28  Supply Depot, Bunker  
  22  2:30  Barracks Reactor  
  22  2:45  Factory  
  22  2:56  SCV  
  23  3:08  Orbital Command  
  23  3:15  Marine x2  
  25  3:25  SCV  
  26  3:37  SCV  
  26  3:38  Factory Tech Lab  
  27  3:49  SCV  
  27  3:53  Factory  
  27  3:58  Marine x2  
  29  4:06  Siege Tank  
  32  4:16  Marine  
  33  4:25  Supply Depot  
  33  4:38  Siege Tank  
  33  4:39  Command Center, SCV x2  
  38  4:51  SCV  
  38  4:52  SCV  
  40  5:03  SCV  
  41  5:07  Factory  
  41  5:08  SCV  
  42  5:16  SCV  
  42  5:20  SCV  
  44  5:28  Command Center, SCV  
  45  5:30  Engineering Bay  
  45  5:32  SCV  
  45  5:34  Armory  
  46  5:40  SCV  
  46  5:42  Widow Mine  
  49  5:43  Widow Mine  
  49  5:45  Cyclone  
  54  5:57  SCV x2  
  54  6:01  Refinery  
  54  6:03  Hellion  
  58  6:05  Refinery  
  58  6:09  SCV x2  
  60  6:15  Supply Depot  
  60  6:18  Cyclone  
  63  6:19  Hellion x2  
  63  6:21  SCV  
  63  6:22  SCV  
  69  6:33  Orbital Command  
  69  6:37  Hellion, SCV x2  
  73  6:43  Hellion  
  73  6:46  Factory Tech Lab  
  75  6:49  SCV  
  76  6:56  Barracks Tech Lab  
  76  6:58  Missile Turret  
  76  7:00  Missile Turret  
  76  7:05  Missile Turret  
  76  7:08  SCV  
  76  7:09  SCV x2  
  76  7:12  Widow Mine x2  
  76  7:13  Cyclone x2  
  89  7:20  SCV  
  90  7:25  SCV x2  
  92  7:37  Factory  
  92  7:38  Planetary Fortress  
  92  7:45  Refinery  
  92  7:46  Refinery  
  92  7:48  Command Center  
  92  8:28  Barracks Reactor  
  92  8:30  Factory Reactor  
  92  8:31  Hellion  
  92  8:32  Hellion  
  92  8:36  Hellion, SCV  
  92  8:39  Widow Mine, SCV x2  
  79  8:50  Missile Turret  
  79  8:52  Widow Mine, Missile Turret  
  79  8:54  Missile Turret  
  79  8:55  Missile Turret  
  79  8:56  Missile Turret  
  79  8:57  Widow Mine  
  79  8:58  Missile Turret  
  79  9:00  Widow Mine  
  79  9:02  Missile Turret  
  83  9:05  Missile Turret  
  83  9:06  Missile Turret  
  83  9:07  Missile Turret  
  83  9:08  Missile Turret, SCV x3  
  83  9:09  SCV  
  87  9:12  Widow Mine x2  
  91  9:20  SCV x2  
  91  9:21  Terran Vehicle Weapons Level 1  
  91  9:22  Thor x2  
  105  9:25  Widow Mine  
  107  9:47  Widow Mine  
  107  10:04  Widow Mine  
  107  10:05  Widow Mine  
  106  10:09  Widow Mine  
  106  10:10  Widow Mine  
  103  10:15  SCV x4  
  105  10:25  Widow Mine  
  107  10:35  Armory  
  107  10:52  Missile Turret  
  107  10:55  Missile Turret  
  107  11:13  Missile Turret  
  107  11:17  Missile Turret  
  107  11:40  Command Center  
  107  11:44  Missile Turret  
  107  12:01  SCV x2  
  107  12:04  Missile Turret  
  107  12:26  Missile Turret  
  94  13:00  Supply Depot  
  94  13:01  Supply Depot x2, Widow Mine  
  94  13:04  Supply Depot, Widow Mine  
  92  13:07  Supply Depot  
  77  13:20  Widow Mine  
  77  13:21  SCV, Thor  
  77  13:22  Widow Mine  
  77  13:23  Widow Mine x2, SCV x2  
  91  13:33  SCV  
  90  13:35  SCV x2  
  92  13:42  Hellion  
  92  13:43  Hellion  
  92  13:47  SCV  
  95  13:49  Barracks  
  87  13:59  SCV  
  88  14:04  Command Center, Thor  
  94  14:29  Command Center  
  94  14:33  Command Center  
  94  14:36  Supply Depot  
  94  14:37  Supply Depot  
  92  14:38  Supply Depot  
  89  14:54  Thor  
  94  15:11  SCV  
  95  15:28  Command Center  
  95  15:29  Command Center  
  95  15:35  Factory  
  95  15:37  Thor  
  101  15:44  Factory  
  101  15:52  Factory  
  101  15:53  Widow Mine x2  
  101  15:54  Widow Mine  
  101  15:55  Widow Mine  
  109  15:57  Factory  
  109  16:15  Widow Mine  
  111  16:19  Thor  
  92  17:02  Thor  
  80  17:13  Hellion  
  79  17:23  Starport  
  79  17:27  Starport  
  73  17:31  Factory Tech Lab  
  73  17:34  Hellion  
  67  17:45  Thor  
  73  17:52  Cyclone  
  73  17:55  Hellion  
  70  18:20  Liberator  
  70  18:24  Banshee, Cyclone  
  79  18:28  Thor  
  81  19:02  Hellbat x5  
  91  19:03  Liberator  
  91  19:07  Command Center  
  94  19:11  Thor  
  100  19:23  Hellbat  
  102  19:25  Refinery  
  102  19:29  Refinery, Command Center  
  102  19:50  Factory Tech Lab  
  102  19:53  Thor  
  102  19:59  Missile Turret  
  107  20:18  Thor  
  108  20:32  SCV x2  
  108  20:36  Thor  
  110  20:52  SCV x2  
  112  21:49  Orbital Command  
  112  21:50  Fusion Core  
  112  21:58  Factory Tech Lab  
  112  22:12  SCV x2  
  112  22:15  Planetary Fortress  
  114  22:25  SCV x3  
  114  22:29  Thor  
  123  22:37  Liberator, SCV  
  123  22:40  Terran Vehicle And Ship Armor Level 1  
  123  22:43  SCV  
  128  22:59  Thor  
  128  23:02  Terran Vehicle Weapons Level 2  
  134  23:09  Weapon Refit  
  134  23:25  Battlecruiser  
  71  24:18  Widow Mine x2  
  71  24:19  Command Center  
  75  24:34  Battlecruiser x2  
  87  24:46  Orbital Command  
  87  25:38  Battlecruiser  
  87  25:39  Battlecruiser  
  99  25:50  Planetary Fortress  
  82  26:42  Battlecruiser  
  82  26:43  Battlecruiser  
  94  26:48  Thor  
  94  26:51  Thor  
  104  27:36  Thor  
  109  27:47  Battlecruiser x2  
  54  30:24  Hellbat x6  
  60  30:45  Hellbat x2  
  60  30:46  Hellbat x3  
Show
View Real Time Build Order
Export as new Build Order

Vamplified Zerg - Winner!

Build Orders: Hatch First 

Get SALT Encoding   

  12  0:01  Drone  
  13  0:12  Overlord  
  13  0:17  Drone  
  14  0:31  Drone x2  
  14  0:34  Drone  
  17  0:54  Hatchery  
  17  0:55  Drone  
  17  1:05  Drone  
  17  1:07  Extractor  
  17  1:16  Spawning Pool  
  16  1:22  Drone  
  16  1:25  Drone  
  18  1:31  Drone  
  19  1:54  Overlord  
  19  2:02  Drone  
  19  2:03  Queen  
  19  2:08  Queen  
  24  2:13  Drone  
  24  2:14  Drone  
  26  2:17  Drone  
  26  2:21  Drone  
  28  2:43  Queen, Drone x2  
  31  3:08  Metabolic Boost  
  31  3:09  Hatchery  
  31  3:11  Zergling x2  
  31  3:12  Zergling x8  
  35  3:27  Drone  
  35  3:28  Extractor  
  35  3:29  Drone  
  36  4:00  Overlord x3  
  36  4:05  Lair  
  36  4:22  Drone x4  
  36  4:23  Drone x5  
  45  4:31  Extractor  
  44  4:32  Drone x3  
  44  4:33  Extractor  
  46  4:41  Queen  
  48  4:53  Drone x6  
  48  4:54  Drone x2  
  48  4:57  Overlord x2  
  56  5:05  Spire  
  54  5:31  Drone x3  
  54  5:32  Drone x2  
  59  5:36  Drone x5  
  64  5:59  Zergling x6  
  64  6:00  Zergling x2  
  68  6:05  Drone  
  68  6:06  Drone x3  
  72  6:13  Infestation Pit, Drone x4  
  72  6:14  Drone x3  
  72  6:17  Extractor  
  77  6:18  Extractor  
  77  6:47  Drone x4  
  80  6:59  Hive  
  80  7:00  Mutalisk  
  82  7:05  Overlord x3  
  82  7:06  Overlord x5  
  82  7:31  Mutalisk x3  
  82  7:32  Mutalisk x5  
  82  7:33  Mutalisk x3  
  82  7:34  Mutalisk  
  106  8:17  Mutalisk x3  
  106  8:18  Mutalisk  
  105  8:54  Zerg Flyer Weapons Level 1  
  105  8:55  Mutalisk x3  
  105  8:56  Mutalisk x3  
  117  9:29  Extractor  
  96  10:13  Ultralisk Cavern  
  85  10:42  Hatchery  
  84  10:43  Spine Crawler, Extractor  
  84  10:44  Overlord x2  
  84  10:45  Overlord x3  
  84  10:49  Zergling x10  
  88  10:50  Zergling x12  
  88  10:51  Zergling x12  
  88  10:52  Zergling x4  
  101  11:07  Evolution Chamber  
  101  11:08  Ultralisk  
  101  11:09  Ultralisk x5, Evolution Chamber  
  135  11:47  Mutalisk x5  
  135  11:48  Mutalisk x6  
  156  12:06  Chitinous Plating  
  156  12:15  Mutalisk x5  
  160  12:50  Spine Crawler x2  
  94  14:12  Anabolic Synthesis  
  94  14:30  Mutalisk x5  
  94  14:31  Mutalisk x6  
  104  14:32  Mutalisk x6  
  104  14:33  Mutalisk x5  
  138  15:10  Ultralisk x4  
  138  15:11  Ultralisk  
  168  15:15  Zergling x12  
  168  15:16  Zergling x8  
  178  15:30  Baneling Nest  
  178  15:32  Drone x2  
  178  15:33  Drone x3  
  182  15:38  Zerg Melee Weapons Level 1, Zerg Ground Armor Level 1  
  182  16:11  Hatchery  
  181  16:16  Hatchery  
  180  16:18  Baneling x3  
  180  16:19  Baneling x5  
  180  16:20  Baneling x6  
  180  16:21  Baneling x6  
  108  17:11  Mutalisk x2  
  108  17:12  Mutalisk x6  
  108  17:13  Mutalisk x6  
  106  17:43  Drone x3  
  109  17:48  Drone x3  
  112  17:51  Drone x3  
  112  17:53  Drone  
  112  17:54  Drone x2  
  112  17:55  Queen, Extractor  
  112  17:57  Queen, Extractor  
  114  17:58  Extractor  
  114  18:00  Extractor  
  94  18:30  Zerg Melee Weapons Level 2  
  94  18:31  Zerg Ground Armor Level 2  
  88  18:55  Nydus Network  
  87  18:56  Ultralisk x5  
  87  18:57  Ultralisk x3  
  135  19:40  Ultralisk x4  
  135  19:41  Ultralisk  
  165  19:46  Extractor  
  165  19:47  Hatchery  
  165  19:48  Hatchery  
  112  20:41  Ultralisk  
  112  20:42  Ultralisk x5  
  148  20:53  Roach Warren  
  148  20:56  Drone  
  149  20:57  Drone x2  
  150  21:21  Mutalisk  
  150  21:22  Mutalisk x7  
  150  21:23  Mutalisk  
  168  21:31  Extractor  
  167  21:40  Extractor  
  167  21:44  Extractor  
  165  21:53  Mutalisk x5  
  165  21:54  Mutalisk x2  
  170  22:07  Queen  
  172  22:14  Mutalisk x4  
  180  22:22  Zergling x4  
  182  22:23  Zergling x12  
  182  22:24  Zergling x10  
  182  22:25  Zergling x12  
  182  22:26  Zergling x2  
  200  23:02  Baneling x6  
  200  23:03  Baneling x6  
  200  23:04  Baneling x6  
  200  23:05  Baneling x5  
  200  23:06  Baneling x6  
  200  23:07  Baneling x5  
  200  23:08  Baneling x6  
  200  23:13  Centrifugal Hooks  
  120  24:01  Mutalisk  
  120  24:02  Mutalisk x6  
  114  24:03  Mutalisk x6  
  114  24:04  Mutalisk x2  
  138  24:10  Zerg Flyer Weapons Level 2  
  138  24:57  Zergling x12  
  138  24:58  Zergling x10  
  138  24:59  Zergling x12  
  156  25:00  Zergling x10  
  156  25:01  Zergling x4  
  162  25:13  Queen  
  164  25:42  Baneling x2  
  164  25:43  Baneling x7  
  164  25:44  Baneling x5  
  164  25:45  Baneling x6  
  164  25:46  Baneling x6  
  164  25:47  Baneling x5  
  164  25:48  Baneling x5  
  164  25:49  Baneling x5  
  163  25:50  Baneling x6  
  163  25:54  Drone x2  
  163  25:55  Drone x6  
  163  25:56  Drone x7  
  163  25:57  Drone  
  179  26:04  Ultralisk  
  163  26:29  Mutalisk x3  
  163  26:30  Mutalisk x2  
  170  26:34  Drone  
  170  26:35  Drone  
  169  27:09  Ultralisk x2  
  169  27:10  Ultralisk  
  169  27:11  Ultralisk  
  169  27:15  Mutalisk  
  195  27:16  Mutalisk  
  197  27:30  Drone x2  
  193  28:00  Corruptor x3  
  131  28:54  Corruptor x2  
  131  28:55  Corruptor x7  
  131  28:56  Corruptor x4  
  147  29:06  Mutalisk x6  
  147  29:07  Mutalisk x3  
  154  29:39  Drone x5  
  154  29:40  Drone x6  
  137  29:58  Mutalisk x6  
  137  29:59  Mutalisk  
  133  30:14  Ultralisk  
  129  30:41  Roach x2  
  129  30:42  Roach x5  
  139  30:43  Roach x6  
  139  30:44  Roach x2  
  137  31:30  Ultralisk x3  
  137  31:31  Ultralisk x2  
  167  31:33  Mutalisk  
  167  31:34  Mutalisk x2  
  146  32:09  Mutalisk x3  
  146  32:10  Mutalisk x4  
  142  33:07  Ultralisk x2  
Tags
 
Composition
Mech
Matchup
TvZ
Spawn Locations
Cross Positions
Add a new tag
Caveats
  • Supply blocks, unpowered buildings, or Contaminate may cause inaccurate times.
  • Supply counts are checked every 10 seconds.